 Dungeon Crawl Stone Soup version 0.32-a0-401-g0bcb2a7693 (webtiles) character file.

Game seed: 2002533539721511907

6345 Asfel the Cleaver (level 10, -9/78 (80) HPs)
             Began as a Demonspawn Berserker on Feb 20, 2024.
             Was a Priest of Trog.
             Mangled by Fannar
             ... wielding a staff of cold
              (14 damage)
             ... on level 1 of the Orcish Mines.
             The game lasted 00:30:39 (8119 turns).

Asfel the Cleaver (Demonspawn Berserker)            Turns: 8119, Time: 00:30:39

HP:   -9/78 (80)    AC: 16    Str: 18    XL:     10   Next: 64%
MP:   8/10          EV: 12    Int:  8    God:    Trog [***...]
Gold: 489           SH:  0    Dex: 16    Spells: 9/9 levels left

rFire   . . .        v - +5 war axe
rCold   . . .        (no shield)
rNeg    . . .        h - +0 plate armour
rPois   .            (helmet restricted)
rElec   .            (no cloak)
rCorr   .            E - +0 pair of gloves
SInv    .            j - +1 pair of boots {rampage}
Will    ++...        H - amulet of magic regeneration Stlth
                     s - ring of wizardry
HPRegen 1.33/turn    r - +5 ring of evasion
MPRegen 0.52/turn

%: rampage, wizardry (x1)
@: strong-willed, on berserk cooldown, regenerating, lightly drained
A: antennae 2, thin skeletal structure 1, demonic guardian 2, demonic magic 1,
sense surroundings 1, weak 1
a: Renounce Religion, Berserk, Trog's Hand


You were on level 1 of the Orcish Mines.
You worshipped Trog.
Trog was most pleased with you.
You visited 3 branches of the dungeon, and saw 11 of its levels.

You collected 647 gold pieces.
You spent 158 gold pieces at shops.

Inventory:

Hand Weapons
 a - a +0 hand axe
 e - a +0 war axe
 g - a +0 great sword
 m - a +0 halberd
 q - a +0 flail
 v - a +5 war axe (weapon)
 y - a +0 eveningstar
 F - a +0 short sword of freezing
 I - a -2 demon whip of venom
Armour
 b - a +0 animal skin
 d - a +0 scale mail
 h - a +0 plate armour (worn)
 j - a +1 pair of boots of rampaging (worn)
 l - a +0 chain mail
 u - a +0 robe of positive energy
 E - a +0 pair of gloves (worn)
 J - +0 acid dragon scales
Magical Staves
 C - a staff of fire
Jewellery
 r - a +5 ring of evasion (right hand)
 s - a ring of wizardry (left hand)
 H - an amulet of magic regeneration (around neck)
Talismans
 k - a beast talisman
 D - a blade talisman
Wands
 B - a wand of iceblast (8)
 K - a wand of charming (6)
Scrolls
 c - 2 scrolls of noise
 f - 5 scrolls of fear
 i - 3 scrolls of revelation
 o - a scroll of fog
 t - a scroll of vulnerability
 w - 2 scrolls of identify
 x - a scroll of teleportation
Potions
 n - a potion of degeneration
 p - a potion of attraction
 z - 2 potions of curing
 A - a potion of brilliance
 G - 2 potions of cancellation


   Skills:
 + Level 7.8 Fighting
 + Level 11.5 Axes
 + Level 6.9 Armour
 + Level 2.9 Dodging
 + Level 0.9 Stealth


You had 9 spell levels left.
You didn't know any spells.
Your spell library contained the following spells:

 Spells                   Type           Power      Damage    Failure   Level
 Apportation              Tloc           0%         N/A       99%         1
 Jinxbite                 Hex            0%         N/A       99%         2
 Hailstorm                Conj/Ice       0%         3d5       100%        3
 Summon Ice Beast         Ice/Summ       0%         N/A       100%        3
 Tukima's Dance           Hex            0%         N/A       100%        3
 Passage of Golubria      Tloc           0%         N/A       100%        4
 Alistair's Intoxication  Alch           0%         N/A       100%        5
 Yara's Violent Unravell  Hex/Alch       0%         3d3       100%        5
 Sculpt Simulacrum        Ice/Alch       0%         N/A       100%        6
 Malign Gateway           Summ/Tloc      0%         N/A       100%        7
 Summon Horrible Things   Summ           0%         N/A       100%        8


Dungeon Overview and Level Annotations

Branches:
Dungeon (9/15)             Temple (1/1) D:4             Orc (1/2) D:9
   Lair: D:8-11

Altars:
Dithmenos
Fedhas
Hepliaklqana
Kikubaaqudgha
Ru
Sif Muna
Vehumet

Shops:
D:5 *   D:9 [

Annotations:
D:9 3 runed translucent doors
Orc:1 Fannar


Innate Abilities, Weirdness & Mutations

You have a pair of antennae on your head.
You have a somewhat thin skeletal structure. (Dex +2, Stealth+)
A demonic guardian rushes to your aid.
Spells you cast may paralyse adjacent enemies.
You passively map a small area around you.
You are weak. (Str -2)


Message History

You slash the orc priest! You hit the orc warrior.
Your orange demon stings the orc priest.
The orc priest looks as sick as possible!
Your orange demon poisons the orc priest!
Your orange demon hits the orc priest.
The orc priest barely misses you.
The orc priest barely misses your orange demon.
The orc warrior misses you.
You slash Fannar!
Fannar is lightly wounded.
You barely miss the orc warrior. You hit the orc priest.
You kill the orc priest!
Trog accepts your kill.
You slash the orc!
You kill the orc!
Trog accepts your kill.
You barely miss the orc priest.
The orc priest dies!
Trog accepts your kill.
Your orange demon stings Fannar but does no damage.
You hit Fannar.
Fannar is lightly wounded.
You slash the orc warrior! Fannar hits you with a staff of cold.
Fannar freezes you!
A demonic guardian appears!
The kobold blastminer wields a +0 orcbow.
The kobold blastminer shoots an arrow.
The arrow hits you but does no damage. The orc warrior barely misses you.
The orc sorcerer casts a spell at you.
The bolt of fire hits the orc!!
The orc dies!
The bolt of fire hits your orange demon!!!
The bolt of fire hits you!!
* * * LOW HITPOINT WARNING * * *
The neqoxec gestures at you. Something gnaws on your mind!
* * * LOW HITPOINT WARNING * * *
You feel your power leaking away. Fannar hits you with a staff of cold.
* * * LOW HITPOINT WARNING * * *
Fannar freezes you!
You die...

, , , .... ####
....##..#* ,
...#.....### . ,
*
,...o....#.>##..
$.........$.. ,
, .....44....# ,
, *
,.$.........#...
* ,
.....K)@).....#
* , ,
,......oe).....#
,
.....o.3.......
* *
..3........#...
, ,
...............
........>....#.
* ,
............## ,
, .#.........##


You could see Fannar (ally target), a sun demon (summoned), a kobold blastminer,
a neqoxec (summoned), 2 orc sorcerers, an orc warrior, a friendly orange demon
(summoned) and a friendly hellwing (summoned).

Vanquished Creatures
  A centaur warrior (D:8)
  Amaemon (D:8)
  A manticore (D:7)
  An orange demon (D:8)
  A troll (D:7)
  A water moccasin (D:7)
  4 ice beasts
  3 orc warriors
  A sky beast (D:7)
  A black bear (D:5)
  An ogre (D:9)
  A phantom (D:6)
  2 kobold brigands
  5 bullfrogs
  3 scorpions
  8 wights
  4 howler monkeys
  4 hounds
  A bombardier beetle (D:4)
  A gnoll bouda (D:4)
  3 jellies (D:7)
  4 orc priests
  5 scorpion zombies (D:6)
  Natasha (thrice) (D:4)
  4 iguanas
  8 orc wizards
  6 gnolls
  4 adders
  2 howler monkey skeletons (D:6)
  2 shadow imps
  2 white imps
  2 ufetubi (D:6)
  2 ribbon worms (D:3)
  A dart slug (D:1)
  41 orcs
  8 ball pythons
  5 endoplasms
  4 giant cockroaches
  11 goblins
  17 hobgoblins
  5 jackals
  19 kobolds
  4 quokkas
  2 bats
  5 frilled lizards
  7 rats
221 creatures vanquished.

Vanquished Creatures (collateral kills)
  The ghost of Colgate the Fighter, a novice HOGl of Okawaru (D:7)
  An acid dragon (D:8)
  An orc priest (Orc:1)
  An iguana (D:4)
  A dart slug (D:5)
  4 orcs
  A ball python (D:4)
10 creatures vanquished.

Vanquished Creatures (others)
  An orc (Orc:1)
1 creature vanquished.

Grand Total: 232 creatures vanquished

Notes
Turn   | Place    | Note
-------+----------+-------------------------------------------
     0 | D:1      | Asfel the Demonspawn Berserker began the quest for the Orb.
     0 | D:1      | Reached XP level 1. HP: 18/18 MP: 1/1
   178 | D:1      | Gained mutation: A weak demonic guardian rushes to your
                  | aid. [demonic ancestry]
   178 | D:1      | Reached XP level 2. HP: 19/24 MP: 2/2
   256 | D:1      | Reached skill level 3 in Axes
   444 | D:1      | Reached XP level 3. HP: 26/29 MP: 3/3
   860 | D:1      | Reached ** piety under Trog
   937 | D:1      | You fall into a shaft and drop 1 floor!
  1228 | D:2      | Gained mutation: You have a somewhat thin skeletal
                  | structure. (Dex +2, Stealth+) [demonic ancestry]
  1228 | D:2      | Reached XP level 4. HP: 30/36 MP: 4/4
  1981 | D:3      | Found a faded altar of an unknown god.
  1985 | D:3      | Reached skill level 4 in Axes
  2102 | D:3      | Gained mutation: You have a pair of small antennae on your
                  | head. [demonic ancestry]
  2102 | D:3      | Reached XP level 5. HP: 8/42 MP: 5/5
  2774 | D:4      | Gained mutation: Spells you cast may paralyse adjacent
                  | enemies. [demonic ancestry]
  2774 | D:4      | Reached XP level 6. HP: 43/48 MP: 6/6
  3025 | D:4      | Found a staircase to the Ecumenical Temple.
  3030 | Temple   | Entered the Ecumenical Temple
  3181 | D:4      | Reached skill level 5 in Axes
  3187 | D:4      | Noticed Natasha
  3195 | D:4      | Killed Natasha
  3301 | D:4      | Reached *** piety under Trog
  3501 | D:4      | Noticed Natasha
  3511 | D:4      | Killed Natasha
  3869 | D:4      | Noticed Natasha
  3875 | D:4      | Killed Natasha
  3876 | D:4      | Reached XP level 7. HP: 47/55 MP: 7/7
  3912 | D:5      | Entered Level 5 of the Dungeon
  4279 | D:5      | Gained mutation: You passively map a small area around you.
                  | [potion of mutation]
  4279 | D:5      | Gained mutation: You are weak. (Str -2) [potion of
                  | mutation]
  4288 | D:5      | Reached skill level 6 in Axes
  4417 | D:5      | Found Ceraurch's Assorted Antiques.
  4427 | D:5      | Bought a fizzy emerald potion for 20 gold pieces
  4427 | D:5      | Bought a steel ring for 115 gold pieces
  4427 | D:5      | Bought a scroll labelled ITIPRUWEDA for 23 gold pieces
  4539 | D:5      | Reached skill level 5 in Fighting
  4667 | D:5      | Found a hazy altar of Hepliaklqana.
  4714 | D:5      | Gained mutation: You have a pair of antennae on your head.
                  | [demonic ancestry]
  4714 | D:5      | Reached XP level 8. HP: 52/62 MP: 8/8
  4726 | D:5      | Reached skill level 7 in Axes
  4822 | D:5      | You fall into a shaft and drop 1 floor!
  5212 | D:6      | Reached skill level 5 in Armour
  5293 | D:6      | Reached skill level 8 in Axes
  5623 | D:6      | Reached XP level 9. HP: 62/69 MP: 9/9
  5991 | D:7      | Found a runed translucent gate.
  5993 | D:7      | Noticed a troll
  6005 | D:7      | Noticed a manticore
  6005 | D:7      | Noticed Colgate's ghost (novice HOGl)
  6014 | D:7      | Found a runed translucent gate.
  6014 | D:7      | Found a runed translucent gate.
  6178 | D:7      | Reached skill level 9 in Axes
  6763 | D:7      | Reached **** piety under Trog
  6933 | D:7      | Killed a troll
  6939 | D:7      | Killed a manticore
  6940 | D:7      | Reached skill level 10 in Axes
  6966 | D:7      | Killed Colgate's ghost
  6967 | D:7      | Gained mutation: A demonic guardian rushes to your aid.
                  | [demonic ancestry]
  6967 | D:7      | Reached XP level 10. HP: 40/79 MP: 10/10
  7112 | D:8      | Noticed an orange demon
  7113 | D:8      | Noticed Amaemon
  7120 | D:8      | Killed an orange demon
  7128 | D:8      | Killed Amaemon
  7222 | D:8      | Noticed a centaur warrior
  7243 | D:8      | Killed a centaur warrior
  7244 | D:8      | Reached skill level 11 in Axes
  7982 | D:9      | Found a runed translucent gate.
  7982 | D:9      | Found a runed translucent gate.
  7982 | D:9      | Found a runed translucent gate.
  7982 | D:9      | Noticed a white ugly thing
  7982 | D:9      | Noticed a purple ugly thing
  7982 | D:9      | Noticed a brown ugly thing
  7983 | D:9      | Noticed a purple ugly thing
  7983 | D:9      | Noticed a faun
  7983 | D:9      | Noticed a brown ugly thing
  7984 | D:9      | a faun changed into a torpor snail
  7984 | D:9      | Noticed a torpor snail (glowing shapeshifter)
  7989 | D:9      | a torpor snail changed into a wolf spider
  7989 | D:9      | Noticed a wolf spider (glowing shapeshifter)
  8015 | D:9      | Found a staircase to the Orcish Mines.
  8019 | D:9      | Found Ywess's Armour Shop.
  8074 | Orc:1    | Entered Level 1 of the Orcish Mines
  8074 | Orc:1    | Noticed an orc sorcerer
  8075 | Orc:1    | Noticed Fannar
  8075 | Orc:1    | Noticed a kobold blastminer
  8113 | Orc:1    | Noticed an orc sorcerer
  8114 | Orc:1    | Noticed a sun demon
  8119 | Orc:1    | Mangled by Fannar

Illustrated notes

Levels and vault maps discovered:
D:1:      lemuel_arrival_tunnels, layout_basic
D:2:      cheibrodos_greedy_goblins, layout_basic
D:3:      layout_loops_corners, hellmonk_ecumenical_altar_arch_garden,
          feat_on_display
D:4:      layout_layer_cave, temple_doors_e, uniq_natasha
D:5:      layout_basic, mainiacjoe_overflow_alcove_1, serial_shops, shop,
          chequers_serial_rivers_micro_c, minmay_tree_intersection
D:6:      layout_loops_ring, mainiacjoe_ossuary_entry_find_the_door,
          nrook_uturn, minmay_crystal_room
D:7:      layout_loops_ring, gammafunk_ghost_split
D:8:      layout_cave_pools, serial_library,
          serial_library_regret_index_small_wings,
          serial_library_hellmonk_hallway_b, serial_library_hellmonk_u_bend,
          serial_library_hellmonk_h_bend, serial_library_hellmonk_layered_room,
          serial_library_regret_index_split_case,
          serial_library_regret_index_double_sided,
          hangedman_abyss_or_decor_lesser_grid, uniq_amaemon
D:9:      layout_roguey, grunt_temple_overflow_champion_of_chaos,
          lemuel_crystal_altar, dpeg_oklobed_lair, orc_david_3,
          ploomutoo_gammafunk_ghost_potion_laboratory, serial_shops,
          shop_fountains, hangedman_misty_isle
Temple:   hellmonk_temple_flake
Orc:1:    layout_caves, uniq_fannar

Skill      XL: |  1  2  3  4  5  6  7  8  9 10 |
---------------+-------------------------------+-----
Axes           | 3 4 5 6 8 10 11 | 11.5
Armour         | 2 3 4 5 6 |  6.9
Dodging        | 2 |  2.9
Fighting       | 4 5 6 7 |  7.8
Stealth        | |  0.9

Action                     |  1- 3 |  4- 6 |  7- 9 | 10-12 || total
---------------------------+-------+-------+-------+-------++-------
  Melee: Hand axe          |    74 |       |       |       ||    74
         War axe           |    66 |   158 |   323 |    66 ||   613
 Invoke: Trog's Hand       |     1 |     3 |     9 |     6 ||    19
         Berserk           |     1 |     3 |     5 |     5 ||    14
    Use: Scroll            |       |     7 |     4 |     1 ||    12
         Potion            |       |       |     3 |     1 ||     4
 Armour: Animal skin       |    14 |       |       |       ||    14
         Scale mail        |    71 |   117 |    14 |       ||   202
         Plate armour      |       |       |   294 |    88 ||   382
  Dodge: Dodged            |    81 |    95 |   211 |    57 ||   444

Table legend: (Time is in decaauts)
 A = Elapsed time spent in this place.
 B = Non-inter-level travel time spent in this place.
 C = Inter-level travel time spent in this place.
 D = Time resting spent in this place.
 E = Time spent auto-exploring this place.
 F = Levels seen in this place.
 G = Mean time per level.
                   A        B        C        D        E       F      G
               +--------+--------+--------+--------+--------+-----+--------+
         Total |   8347 |   7988 |    359 |      0 |   5192 |  11 |  758.8 |
       Dungeon |   8201 |   7964 |    237 |      0 |   5192 |   9 |  911.2 |
        Temple |    135 |     13 |    122 |      0 |      0 |   1 |  135.0 |
  Orcish Mines |      9 |      9 |      0 |      0 |      0 |   1 |    9.0 |
               +--------+--------+--------+--------+--------+-----+--------+

Top non-repeatable levels by time:
     D:6: 1188 daAuts
     D:7: 1064 daAuts
     D:4: 1053 daAuts
     D:8: 976 daAuts
     D:2: 970 daAuts
     D:1: 957 daAuts
     D:5: 937 daAuts
     D:3: 907 daAuts
     D:9: 147 daAuts
  Temple: 135 daAuts
   Orc:1: 9 daAuts
